 Dungeon Crawl Stone Soup version 0.27-a0-1219-g958d993ae5 (webtiles) character file.

Game seed: 4197486579797064844

12 polve the Skirmisher (level 2, 0/16 HPs)
             Began as a Demonspawn Abyssal Knight on June 6, 2021.
             Was an Initiate of Lugonu.
             Slain by a jackal (1 damage)
             ... on level 1 of the Dungeon.
             The game lasted 00:00:32 (805 turns).

polve the Skirmisher (Demonspawn Abyssal Knight)     Turns: 805, Time: 00:00:33

Health: 0/16       AC:  3    Str: 12    XL:     2   Next: 20%
Magic:  3/3        EV: 11    Int: 13    God:    Lugonu [......]
Gold:   12         SH:  4    Dex: 12    Spells: 1/1 levels left

rFire    . . .     SeeInvis .   a - +1 short sword
rCold    . . .     Faith    .   (no shield)
rNeg     . . .     Spirit   .   b - +0 leather armour
rPois    .         Reflect  .   (no helmet)
rElec    .         Harm     .   (no cloak)
rCorr    .         Rampage  .   (no gloves)
Will     .....                  (no boots)
Stlth    +.........             (no amulet)
HPRegen  0.05/turn              (no ring)
MPRegen  0.08/turn              (no ring)

@: no status effects
A: condensation shield, [frail 3]
a: Renounce Religion


You were on level 1 of the Dungeon.
You worshipped Lugonu.
Lugonu was noncommittal.
You visited 1 branch of the dungeon, and saw 1 of its levels.
You visited the Abyss 1 time.

You collected 12 gold pieces.

Inventory:

Hand Weapons
 a - a +1 short sword (weapon)
Armour
 b - a +0 leather armour (worn)
Potions
 c - a potion of magic {unknown}


   Skills:
 - Level 3.0 Fighting
 + Level 2.6 Short Blades
 - Level 1.7 Armour
 - Level 0.8 Dodging
 - Level 2.4 Invocations


You had one spell level left.
You didn't know any spells.
Your spell library contained the following spells:

 Spells                   Type           Power      Damage    Failure   Level
 Corona                   Hex            0%         N/A       36%         1
 Ensorcelled Hibernation  Hex/Ice        0%         N/A       52%         2
 Confusing Touch          Hex            0%         N/A       75%         3
 Dazzling Flash           Conj/Hex       0%         N/A       75%         3
 Tukima's Dance           Hex            0%         N/A       75%         3


Dungeon Overview and Level Annotations

Branches:
Dungeon (1/15)

Altars:


Innate Abilities, Weirdness & Mutations

A meltable shield of frost defends you. (SH +4)
[You are extremely frail. (-30% HP)]


Message History

The jackal is severely wounded.
The jackal bites you but does no damage.
The jackal barely misses you.
You hit the jackal.
You kill the jackal!
Lugonu accepts your kill. The jackal barely misses you. The jackal misses you.
You closely miss the kobold. The kobold closely misses you.
You block the jackal's attack.
You hit the kobold.
The kobold is moderately wounded.
You block the jackal's attack. The kobold hits you with a +0 club.
You miss the kobold.
The kobold is moderately wounded.
The jackal misses you. The kobold hits you but does no damage.
The jackal bites you but does no damage.
You miss the kobold.
The kobold is moderately wounded.
The kobold closely misses you. The jackal bites you.
You barely miss the kobold.
The kobold is moderately wounded.
The jackal bites you.
* * * LOW HITPOINT WARNING * * *
The kobold closely misses you. The jackal barely misses you.
You hit the kobold.
You kill the kobold!
Lugonu accepts your kill. You block the jackal's attack. The jackal bites you.
* * * LOW HITPOINT WARNING * * *
You hit the jackal.
The jackal is moderately wounded.
You block the jackal's attack.
The jackal bites you but does no damage.
You puncture the jackal!
You kill the jackal!
Lugonu accepts your kill. The jackal bites you.
* * * LOW HITPOINT WARNING * * *
The jackal bites you.
You die...

.... ... ... ..#
#.# #.#
###K########
#.†@h......#
#..........#
#..........#
####..........##
.................
#########.##.##.#
#..#.# ##.#.##.#
#...##.#


You could see a jackal and a kobold.

Vanquished Creatures
  An endoplasm (D:1)
  2 giant cockroaches (D:1)
  3 jackals (D:1)
  3 ball pythons (D:1)
  A kobold (D:1)
  2 rats (D:1)
12 creatures vanquished.

Notes
Turn   | Place    | Note
-------+----------+-------------------------------------------
     0 | Abyss:1  | polve the Demonspawn Abyssal Knight began the quest for the
                  | Orb.
     0 | Abyss:1  | Reached XP level 1. HP: 18/18 MP: 2/2
    74 | Abyss:1  | Noticed a will-o-the-wisp
    89 | Abyss:1  | Noticed an ancient zyme
    90 | Abyss:1  | Noticed a wretched star
   107 | D:1      | Escaped the Abyss
   613 | D:1      | Gained mutation: A meltable shield of frost defends you.
                  | (SH +4) [demonic ancestry]
   613 | D:1      | Reached XP level 2. HP: 8/16 MP: 3/3
   805 | D:1      | Slain by a jackal

Illustrated notes

Levels and vault maps discovered:
D:1:      lemuel_arrival_behind_the_door_large, layout_basic

Skill      XL: |  1 |
---------------+----+-----
Short Blades   | 2 |  2.6
Fighting       | |  3.0
Armour         | |  1.7
Dodging        | |  0.8
Invocations    | |  2.4

Action                   || total
-------------------------++-------
Melee: Short sword       ||    45
Invok: Depart the Abyss  ||     1
Armor: Leather armour    ||    14
Dodge: Dodged            ||    32
Block: Other             ||    13

Table legend: (Time is in decaauts)
 A = Elapsed time spent in this place.
 B = Non-inter-level travel time spent in this place.
 C = Inter-level travel time spent in this place.
 D = Time resting spent in this place.
 E = Time spent auto-exploring this place.
 F = Levels seen in this place.
 G = Mean time per level.
                   A        B        C        D        E       F      G
               +--------+--------+--------+--------+--------+-----+--------+
         Total |    804 |    804 |      0 |      0 |    693 |   2 |  402.0 |
       Dungeon |    697 |    697 |      0 |      0 |    619 |   1 |  697.0 |
         Abyss |    107 |    107 |      0 |      0 |     74 |   1 |  107.0 |
               +--------+--------+--------+--------+--------+-----+--------+

Top non-repeatable levels by time:
     D:1: 697 daAuts
 Abyss:1: 107 daAuts
